 Dungeon Crawl Stone Soup version 0.23.2-40-g277498a001 (webtiles) character file.

Game seed: 3354482254438390415

182 Htamos the Magician (level 5, -12/28 HPs)
             Began as a Deep Elf Wizard on Aug 30, 2019.
             Splashed by Ijyb's acid (14 damage)
             ... on level 3 of the Dungeon.
             The game lasted 00:06:43 (3056 turns).

Htamos the Magician (Deep Elf Wizard)               Turns: 3056, Time: 00:06:44

Health: -12/28     AC:  6    Str:  4    XL:     5   Next: 35%
Magic:  14/16      EV: 12    Int: 24    God:
Gold:   219        SH:  0    Dex: 13    Spells: 11/18 levels left

rFire    . . .     SeeInvis .   j - +0 spear (curse)
rCold    . . .     Gourm    .   (no shield)
rNeg     . . .     Faith    .   g - +1 leather armour (curse)
rPois    .         Spirit   .   e - +0 helmet
rElec    .         Reflect  .   (no cloak)
rCorr    .         Harm     .   i - +0 pair of gloves
MR       .....                  (no boots)
Stlth    ++........             (no amulet)
HPRegen  0.09/turn              (no ring)
MPRegen  0.15/turn              (no ring)

@: lethally poisoned (-12 -> -17)
A: no striking features
a: no special abilities


You were on level 3 of the Dungeon.
You were not hungry.

You visited 1 branch of the dungeon, and saw 3 of its levels.

You collected 219 gold pieces.

Inventory:

Hand Weapons
 j - a cursed +0 spear (weapon)
Armour
 a - a +0 robe
 b - a +0 hat
 c - a +0 scale mail
 e - a +0 helmet (worn)
 g - a cursed +1 leather armour (worn)
 i - a +0 pair of gloves (worn)
Jewellery
 l - a cursed -2 ring of strength {unknown}
Wands
 q - a wand of disintegration (19)
Scrolls
 f - a scroll of enchant armour
 k - 2 scrolls of identify {unknown}
 n - 2 scrolls of remove curse {unknown}
Potions
 h - a potion of heal wounds {unknown}
 o - a potion of magic {unknown}
 p - a potion of invisibility {unknown}
Comestibles
 d - 6 rations
 m - a chunk of flesh


   Skills:
 - Level 3.3 Dodging
 - Level 3.5 Stealth
 + Level 7.0 Spellcasting
 - Level 2.2 Conjurations
   Level 1.1 Summonings
   Level 1.1 Translocations


You had 11 spell levels left.
You knew the following spells:

 Your Spells              Type           Power        Failure   Level  Hunger
a - Magic Dart            Conj           ###.         4%          1    None
b - Mephitic Cloud        Conj/Pois/Air  ##......     28%         3    None
c - Conjure Flame         Conj/Fire      ##......     24%         3    None

Your spell library contained the following spells:

 Spells                   Type           Power        Failure   Level  Hunger
 Blink                    Tloc           N/A          12%         2    None
 Call Imp                 Summ           ##......     12%         2    None
 Slow                     Hex            #.......     19%         2    None


Dungeon Overview and Level Annotations

Branches:
Dungeon (3/15)

Altars:
Makhleb
Okawaru
Ru
Xom

Annotations:
D:3 Ijyb


Message History

You feel sick.
An orc comes into view. It is wielding a +0 mace.
Evoke which item? (* to show all) (? for menu, Esc to quit)
Okay, then.
You feel sick.
The orc wizard mumbles some strange words.
The orc wizard seems to speed up.
You feel sick.
You feel sick.
You feel sick.
You feel sick.
Ijyb zaps a wand.
The bolt of acid hits the orc!
The orc is splashed with acid.
The acid corrodes the orc!
The orc dies!
The bolt of acid hits you!!
Ouch! That really hurt!
* * * LOW HITPOINT WARNING * * *
You are splashed with acid!
Ouch! That really hurt!
You die...

##.# .
<...# #.#
##?.. #.#
... #.##
#..# ##.##
#..# . ##.#
.. #@# ...
#.# ....
#[# .o.o.
#.#####...#
#g#..go..#
#.o.####.+
#..## #..#
#..#


You could see Ijyb and an orc.

Vanquished Creatures
  Natasha (thrice) (D:2)
  3 adders (D:2)
  3 oozes
  A worm (D:2)
  A dart slug (D:2)
  2 leopard geckos (D:2)
  11 bats
  2 giant cockroaches (D:3)
  4 goblins
  7 hobgoblins
  10 jackals
  5 frilled lizards
  5 kobolds
  6 rats
63 creatures vanquished.

Vanquished Creatures (others)
  An orc (D:3)
1 creature vanquished.

Grand Total: 64 creatures vanquished

Notes
Turn   | Place    | Note
-------+----------+-------------------------------------------
     0 | D:1      | Htamos the Deep Elf Wizard began the quest for the Orb.
     0 | D:1      | Reached XP level 1. HP: 10/10 MP: 7/7
   263 | D:1      | Reached XP level 2. HP: 15/15 MP: 0/9
   664 | D:1      | Reached XP level 3. HP: 6/19 MP: 1/11
  1267 | D:2      | Found a shimmering altar of Xom.
  1267 | D:2      | Found a shimmering altar of Xom.
  1267 | D:2      | Found a shimmering altar of Xom.
  1301 | D:2      | Found a shimmering altar of Xom.
  1303 | D:2      | Found a shimmering altar of Xom.
  1304 | D:2      | Found a shimmering altar of Xom.
  1305 | D:2      | Found a shimmering altar of Xom.
  1452 | D:2      | Reached skill level 5 in Spellcasting
  1661 | D:2      | Noticed Natasha
  1689 | D:2      | Learned a level 3 spell: Mephitic Cloud
  1693 | D:2      | Learned a level 3 spell: Conjure Flame
  1725 | D:2      | Reached XP level 4. HP: 23/24 MP: 10/13
  1972 | D:2      | Killed Natasha
  2093 | D:2      | Noticed Natasha
  2103 | D:2      | Killed Natasha
  2103 | D:2      | Reached skill level 6 in Spellcasting
  2199 | D:2      | Noticed Natasha
  2217 | D:2      | Killed Natasha
  2217 | D:2      | Reached XP level 5. HP: 28/28 MP: 5/16
  2347 | D:2      | Found an iron altar of Okawaru.
  2349 | D:2      | Found a sacrificial altar of Ru.
  2349 | D:2      | Found a burning altar of Makhleb.
  2945 | D:3      | Reached skill level 7 in Spellcasting
  3046 | D:3      | Noticed Ijyb
  3056 | D:3      | Splashed by Ijyb's acid

Skill      XL: |  1  2  3  4  5 |
---------------+----------------+-----
Stealth        | 3 |  3.5
Dodging        | 3 |  3.3
Conjurations   | 2 |  2.2
Spellcasting   | 5 6 7 |  7.0
Summonings     | |  1.1
Translocations | |  1.1

Action                   |  1- 3 |  4- 6 || total
-------------------------+-------+-------++-------
Melee: Spear             |    25 |       ||    25
       Unarmed           |     4 |       ||     4
 Cast: Magic Dart        |   101 |    54 ||   155
       Mephitic Cloud    |       |     3 ||     3
  Use: Scroll            |     6 |       ||     6
  Eat: Chunk             |     2 |     4 ||     6
Armor: Leather armour    |    20 |     1 ||    21
       Robe              |     5 |       ||     5
Dodge: Dodged            |    47 |     5 ||    52
